 Dungeon Crawl Stone Soup version 0.30-a0-928-g7f6bbad527 (webtiles) character file.

Game seed: 13300487483147590446

181 Morbidden the Trooper (level 5, 41/41 HPs)
             Began as a Demonspawn Fighter on Mar 23, 2023.
             Quit the game on level 2 of the Dungeon.
             The game lasted 00:00:51 (874 turns).

Morbidden the Trooper (Demonspawn Fighter)           Turns: 874, Time: 00:00:52

Health: 41/41      AC:  6    Str: 16    XL:     5   Next: 34%
Magic:  2/6        EV:  9    Int: 11    God:
Gold:   43         SH:  4    Dex: 13    Spells: 6/6 levels left

rFire   . . .      SeeInvis .    a - +0 trident
rCold   . . .      Faith    .    c - +0 buckler
rNeg    . . .      Spirit   .    b - +0 scale mail
rPois   .          Reflect  .    (no helmet)
rElec   .          Rampage  .    (no cloak)
rCorr   +                        (no gloves)
Will    .....                    (no boots) Stlth
                                 (no amulet)
HPRegen 0.26/turn                f - ring of resist corrosion
MPRegen 0.10/turn                (no ring)

@: no status effects
A: powered by pain 1, demonic touch 1
a: no special abilities


You were on level 2 of the Dungeon.
You visited 1 branch of the dungeon, and saw 2 of its levels.

You collected 43 gold pieces.

Inventory:

Hand Weapons
 a - a +0 trident (weapon)
Armour
 b - a +0 scale mail (worn)
 c - a +0 buckler (worn)
Jewellery
 f - a ring of resist corrosion (left hand)
Scrolls
 e - a scroll of enchant armour {unknown}
 g - 2 scrolls of magic mapping {unknown}
 h - 2 scrolls of identify {unknown}
 i - a scroll of vulnerability {unknown}
 m - a scroll of poison {unknown}
Potions
 d - a potion of might
 j - a potion of experience {unknown}
 k - a potion of heal wounds {unknown}
 l - a potion of attraction {unknown}


   Skills:
 * Level 3.5 Fighting
 * Level 1.1(2.4) Axes
 * Level 3.2(3.4) Polearms
 * Level 3.1 Armour
 * Level 1.2 Dodging
 * Level 3.0 Shields
 * Level 1.1 Spellcasting


You had 6 spell levels left.
You didn't know any spells.
Your spell library was empty.

Dungeon Overview and Level Annotations

Branches:
Dungeon (2/15)

Altars:


Innate Abilities, Weirdness & Mutations

You sometimes gain a little power by taking damage.
Your touch may inflict minor irresistible damage on your foes.


Message History

Found 14 gold pieces and a spear.
Sigmund shouts!
Found a book of Lightning and 15 gold pieces.
Sigmund closely misses you. The bat closely misses you.
You hit the bat.
The bat is moderately wounded.
You block the bat's attack. Sigmund closely misses you.
You puncture the bat!
You kill the bat!
Sigmund completely misses you.
You reach to attack!
You barely miss Sigmund.
You reach to attack!
You puncture Sigmund!
Sigmund is moderately wounded.
Sigmund hits you but does no damage.
You reach to attack!
You hit Sigmund.
Sigmund is heavily wounded.
Sigmund misses you.
You reach to attack!
You hit Sigmund.
Sigmund is severely wounded.
Sigmund screams, "You will never...
NEVER!!!"
Sigmund barely misses you.
You reach to attack!
You puncture Sigmund!
You kill Sigmund!
Your base Axes skill increases to level 1!
Your Polearms skill increases to level 3!
Your Armour skill increases to level 3!
Your Dodging skill increases to level 1!
Your Shields skill increases to level 3!
Your Spellcasting skill increases to level 1!
You have reached level 3!
Your experience leads to an increase in your attributes!
Increase (S)trength, (I)ntelligence, or (D)exterity?
You feel clever. x2
You have reached level 4!
You feel agile.
You have reached level 5!
Your demonic ancestry asserts itself...
Your hands begin to faintly glow with unholy energy.
Unknown command.
Are you sure you want to abandon this character and quit the game? (Confirm with "yes".)

#.#.####### ).
##.#.#.....+ #..
#........##
#.######.........#
###.....##.........#
........##..†#..##.#
........##.....###.#
.........'....####[##
.......@##.>........#
###..$..##..........#
#$...)#####.......#
#.....: #.......#
#####$$ #.......#
#... #.......# #...
#.......# #...#
#().....# #.......#


There were no monsters in sight!

Vanquished Creatures
  Sigmund (D:2)
  2 dart slugs
  A ball python (D:1)
  2 endoplasms
  3 goblins (D:1)
  4 hobgoblins
  3 bats
  A frilled lizard (D:1)
  2 kobolds (D:1)
  2 rats (D:1)
21 creatures vanquished.

Notes
Turn   | Place    | Note
-------+----------+-------------------------------------------
     0 | D:1      | Morbidden the Demonspawn Fighter began the quest for the
                  | Orb.
     0 | D:1      | Reached XP level 1. HP: 18/18 MP: 1/1
    76 | D:1      | Found a faded altar of an unknown god.
   270 | D:1      | Gained mutation: You sometimes gain a little power by
                  | taking damage. [demonic ancestry]
   270 | D:1      | Reached XP level 2. HP: 24/24 MP: 2/2
   865 | D:2      | Noticed Sigmund
   873 | D:2      | Killed Sigmund
   874 | D:2      | Reached skill level 1 in Axes
   874 | D:2      | Reached skill level 1 in Dodging
   874 | D:2      | Reached skill level 1 in Spellcasting
   874 | D:2      | Reached XP level 3. HP: 29/29 MP: 2/4
   874 | D:2      | Reached XP level 4. HP: 35/35 MP: 2/5
   874 | D:2      | Gained mutation: Your touch may inflict minor irresistible
                  | damage on your foes. [demonic ancestry]
   874 | D:2      | Reached XP level 5. HP: 41/41 MP: 2/6
   874 | D:2      | Quit the game

Illustrated notes

Levels and vault maps discovered:
D:1:      dpeg_arrival_rooms_a, layout_loops_ring,
          shapermc_ecumenical_altar_pompeii, serial_glass, glass_columns_c,
          glass_columns_c, chequers_serial_rivers_small_a
D:2:      layout_basic, serial_shops, shop_statue, uniq_jessica, uniq_natasha,
          uniq_sigmund

Skill      XL: |  1  2 |
---------------+-------+-----
Polearms       | 3 |  3.2
Axes           | 1 |  1.1
Armour         | 3 |  3.1
Dodging        | 1 |  1.2
Shields        | 3 |  3.0
Spellcasting   | 1 |  1.1
Fighting       | |  3.5

Action                     |  1- 3 |  4- 6 || total
---------------------------+-------+-------++-------
  Melee: Trident           |    56 |       ||    56
 Armour: Scale mail        |    13 |       ||    13
  Dodge: Dodged            |    17 |       ||    17
  Block: Buckler           |     9 |       ||     9

Table legend: (Time is in decaauts)
 A = Elapsed time spent in this place.
 B = Non-inter-level travel time spent in this place.
 C = Inter-level travel time spent in this place.
 D = Time resting spent in this place.
 E = Time spent auto-exploring this place.
 F = Levels seen in this place.
 G = Mean time per level.
                   A        B        C        D        E       F      G
               +--------+--------+--------+--------+--------+-----+--------+
         Total |    889 |    840 |     49 |      0 |    687 |   2 |  444.5 |
       Dungeon |    889 |    840 |     49 |      0 |    687 |   2 |  444.5 |
               +--------+--------+--------+--------+--------+-----+--------+

Top non-repeatable levels by time:
     D:1: 786 daAuts
     D:2: 102 daAuts
